 Dungeon Crawl Stone Soup version 0.31-a0-261-g072fdb8a1f (webtiles) character file.

Game seed: 15153429240594088219

3627 funkygono the Cleaver (level 9, 0/79 HPs)
             Began as a Minotaur Fighter on July 14, 2023.
             Was a Believer of Okawaru.
             Slain by a vampire
             ... wielding a +2 vampiric halberd
              (13 damage)
             ... in a bailey.
             The game lasted 00:12:54 (6008 turns).

funkygono the Cleaver (Minotaur Fighter)            Turns: 6008, Time: 00:12:55

Health: 0/79       AC: 15    Str: 25    XL:     9   Next: 87%
Magic:  7/8        EV:  7    Int:  5    God:    Okawaru [**....]
Gold:   440        SH:  0    Dex: 10    Spells: 8/8 levels left

rFire   . . .        a - +0 war axe
rCold   . . .        c - +0 buckler
rNeg    . . .        k - +0 plate armour
rPois   +            (helmet restricted)
rElec   .            (no cloak)
rCorr   .            z - +1 Delatra's gloves {ID++}
SInv    .            (no boots)
Will    .....        (no amulet) Stlth
                     C - ring of poison resistance
HPRegen 0.33/turn    (no ring)
MPRegen 0.11/turn

%: no passive effects
@: confused, mighty
A: horns 2, retaliatory headbutt
a: Renounce Religion, Heroism


You were in a bailey.
You worshipped Okawaru.
Okawaru was pleased with you.
You visited 1 branch of the dungeon, and saw 7 of its levels.
You also visited: Bailey.

You collected 440 gold pieces.

Inventory:

Hand Weapons
 a - a +0 war axe (weapon)
Missiles
 b - 6 datura-tipped darts
 i - 8 stones
 u - 5 boomerangs
 A - 2 poisoned darts (quivered)
 E - a throwing net
Armour
 c - a +0 buckler (worn)
 k - a +0 plate armour (worn)
 z - the +1 Delatra's gloves (worn) {ID++}
   (You found it on level 5 of the Dungeon)

   ID++:      It heals its wearer when they drink unknown potions, and restores
   their MP when they read unknown scrolls.
Jewellery
 C - a ring of poison resistance (left hand)
Wands
 B - a wand of digging (4)
 D - a wand of flame (23)
 F - a wand of paralysis (5)
 G - a wand of roots (2)
Scrolls
 h - 8 scrolls of identify {unknown}
 j - a scroll of revelation {unknown}
 m - a scroll of poison {unknown}
 n - a scroll of acquirement {unknown}
 o - 3 scrolls of vulnerability {unknown}
 t - a scroll of fog {unknown}
 x - 2 scrolls of blinking {unknown}
 y - a scroll of enchant weapon {unknown}
Potions
 d - a potion of might
 e - a potion of berserk rage {unknown}
 f - a potion of brilliance {unknown}
 g - a potion of haste {unknown}
 l - 2 potions of resistance {unknown}
 p - 2 potions of curing {unknown}
 q - 2 potions of magic {unknown}
 r - a potion of attraction {unknown}
 s - 3 potions of heal wounds {unknown}
 v - a potion of experience {unknown}
 w - a potion of invisibility {unknown}


   Skills:
 + Level 7.4 Fighting
 + Level 12.1 Axes
 + Level 3.7 Throwing
 + Level 7.8 Armour
 + Level 1.2 Dodging
 + Level 0.7 Stealth
 + Level 6.0 Shields
 + Level 1.1 Invocations


You had 8 spell levels left.
You didn't know any spells.
Your spell library contained the following spells:

 Spells                   Type           Power      Damage    Failure   Level
 Slow                     Hex            0%         N/A       100%        1
 Confusing Touch          Hex            0%         N/A       100%        3
 Vampiric Draining        Necr           0%         2d6       100%        3


Dungeon Overview and Level Annotations

Branches:
Dungeon (7/15)             Bailey (1/1)
 Temple: D:4-7

Altars:
Fedhas
Makhleb
Okawaru
Qazlal
Uskayaw
The Shining One


Innate Abilities, Weirdness & Mutations

You have a pair of horns on your head.
You reflexively headbutt those who attack you in melee.


Message History

The grasping roots constrict the vampire.
The vampire struggles to escape constriction.
Found a fizzy ruby potion.
The grasping roots constrict the vampire.
The roots release their grip on the vampire.
The vampire gestures wildly while chanting.
The vampire flickers and vanishes!
Deactivating autopickup; reactivate with Ctrl-A.
Found an amethyst potion.
Something hits you but does no damage. Something bites you but does no damage.
You miss something. Your headbutt misses something.
Something draws life force from you!!
You slash something! Your headbutt misses something.
Something hits you but does no damage. Something bites you!
Something draws strength from your injuries!
You hit something. Something hits you!! Something bites you.
Something draws strength from your injuries!
You barely miss something. You headbutt something. You miss something.
You headbutt something. Something draws life force from you!
* * * LOW HITPOINT WARNING * * *
You hit something but do no damage. Your headbutt misses something.
You hear some strange, mumbled words.
You are confused.
You bump into the stone wall.
Something hits you.
* * * LOW HITPOINT WARNING * * *
Something bites you.
* * * LOW HITPOINT WARNING * * *
Something draws strength from your injuries!
Unknown command.
You feel very mighty all of a sudden.
You feel like a meek peon again.
You hear some strange, mumbled words.
Something tries to affect you, but you resist.
You bump into the stone wall.
Something hits you but does no damage. Something bites you.
* * * LOW HITPOINT WARNING * * *
Something draws strength from your injuries!
Unknown command.
You bump into the stone wall.
Something hits you!
You die...

.######).)...#..#
........##)..#..#
.......##....#..#
.......#....##..#
......##...##...#
.......##......8#
..♣....)##....######
......)..#...##...8##
.♣.......#..##..@{.[#
♣.♣.♣....#..#...##.}.#
.........#..'..## .!#
##.......#..'..# !#
#####...#..#...# #
#####8.##.....
######...8# #####


There were no monsters in sight!

Vanquished Creatures
  A gargoyle (Bailey)
  Prince Ribbit (D:6)
  A steam dragon (D:6)
  Edmund (D:6)
  A water moccasin (D:6)
  A black bear (D:5)
  5 ice beasts
  An orc warrior (D:6)
  2 ogres
  A centaur (D:6)
  3 phantoms (D:5)
  A kobold brigand (D:6)
  Blork the orc (D:6)
  2 scorpions
  4 wights (D:6)
  7 vampire bats (Bailey)
  8 wolf zombies (Bailey)
  5 hounds
  2 jellies
  4 iguanas
  3 orc wizards (D:6)
  4 gnolls (D:2)
  7 adders
  A shadow imp (D:5)
  An ufetubus (D:4)
  2 worms (D:2)
  4 dart slugs
  18 orcs
  8 endoplasms
  4 giant cockroaches
  9 hobgoblins
  4 jackals (D:4)
  8 kobolds
  A quokka (D:1)
  8 ball pythons
  9 bats
  A frilled lizard (D:2)
  7 goblins
  18 orc zombies (Bailey)
  5 rats
174 creatures vanquished.

Notes
Turn   | Place    | Note
-------+----------+-------------------------------------------
     0 | D:1      | funkygono the Minotaur Fighter began the quest for the Orb.
     0 | D:1      | Reached XP level 1. HP: 19/19 MP: 0/0
   228 | D:1      | Reached XP level 2. HP: 17/27 MP: 1/1
   306 | D:1      | Found a faded altar of an unknown god.
  1162 | D:2      | Reached XP level 3. HP: 29/33 MP: 2/2
  1176 | D:2      | Reached skill level 3 in Axes
  1266 | D:2      | Reached XP level 4. HP: 40/40 MP: 3/3
  1320 | D:2      | Reached skill level 4 in Axes
  2004 | D:3      | Reached XP level 5. HP: 46/46 MP: 4/4
  2461 | D:4      | Reached skill level 5 in Axes
  2545 | D:4      | Found a glowing golden altar of the Shining One.
  2546 | D:4      | Noticed an ogre
  2551 | D:4      | Killed an ogre
  2552 | D:4      | Reached XP level 6. HP: 25/53 MP: 5/5
  2812 | D:4      | Reached skill level 5 in Armour
  2843 | D:4      | Found a blossoming altar of Fedhas.
  2880 | D:4      | Found a burning altar of Makhleb.
  2880 | D:4      | Found a stormy altar of Qazlal.
  2887 | D:4      | Reached skill level 6 in Axes
  3020 | D:4      | Found an iron altar of Okawaru.
  3025 | D:4      | Became a worshipper of Warmaster Okawaru
  3092 | D:5      | Entered Level 5 of the Dungeon
  3112 | D:5      | Reached skill level 1 in Throwing
  3205 | D:5      | Reached XP level 7. HP: 60/60 MP: 6/6
  3291 | D:5      | Found the +1 Delatra's gloves {ID++}
  3313 | D:5      | Reached * piety under Okawaru
  3314 | D:5      | Reached skill level 7 in Axes
  3314 | D:5      | Reached skill level 5 in Shields
  3451 | D:5      | Reached skill level 5 in Fighting
  3522 | D:5      | Found a hide-covered altar of Uskayaw.
  4039 | D:5      | Reached skill level 8 in Axes
  4039 | D:5      | Reached XP level 8. HP: 69/69 MP: 7/7
  4216 | D:6      | Reached ** piety under Okawaru
  4343 | D:6      | Noticed Prince Ribbit
  4350 | D:6      | Reached skill level 9 in Axes
  4354 | D:6      | Killed Prince Ribbit
  4492 | D:6      | Reached skill level 10 in Axes
  4584 | D:6      | Noticed Blork the orc
  4591 | D:6      | Killed Blork the orc
  4592 | D:6      | Reached XP level 9. HP: 75/75 MP: 5/8
  4921 | D:6      | Noticed Edmund
  4930 | D:6      | Killed Edmund
  5063 | D:6      | Reached skill level 1 in Invocations
  5082 | D:6      | Reached skill level 11 in Axes
  5304 | D:7      | Found a flagged portal.
  5317 | Bailey   | Entered a bailey
  5689 | Bailey   | Reached skill level 1 in Dodging
  5815 | Bailey   | Reached *** piety under Okawaru
  5851 | Bailey   | Noticed a gargoyle
  5864 | Bailey   | Killed a gargoyle
  5865 | Bailey   | Reached skill level 12 in Axes
  6008 | Bailey   | Slain by a vampire

Illustrated notes

Levels and vault maps discovered:
D:1:      dpeg_arrival_round_c, layout_loops_ring,
          hellmonk_ecumenical_altar_lost_god
D:2:      layout_basic
D:3:      cheibrodos_helix_gallery, layout_basic
D:4:      layout_rooms, tso_metal_star, kennysheep_little_box, fedhas_altar_4,
          gammafunk_temple_overflow_pools
D:5:      layout_gridville, nicolae_uskayaw_dance_hall, serial_rivers,
          chequers_serial_rivers_micro_c, chequers_serial_rivers_micro_a,
          chequers_serial_rivers_large_b, chequers_serial_rivers_micro_a,
          chequers_serial_rivers_micro_b, grunt_decor_mini_mirrors
D:6:      layout_rooms, minmay_misc_feat_ornament, grunt_ministairs_2,
          st_stairs_8, uniq_blork_the_orc, uniq_edmund, uniq_prince_ribbit1
D:7:      layout_rooms, minmay_temple_entry_proselytizer, enter_bailey_4,
          serial_shops, nicolae_shop_behind_doors, uniq_pikel
Bailey:   bailey_polearm_vampire_castle_hellmonk, bailey

Skill      XL: |  1  2  3  4  5  6  7  8  9 |
---------------+----------------------------+-----
Shields        | 4 5 6 |  6.0
Fighting       | 4 5 6 7 |  7.4
Armour         | 4 5 6 7 |  7.8
Axes           | 3 4 5 6 8 10 12 | 12.1
Throwing       | 1 3 |  3.7
Invocations    | 1 |  1.1
Dodging        | 1 |  1.2
Stealth        | |  0.7

Action                     |  1- 3 |  4- 6 |  7- 9 || total
---------------------------+-------+-------+-------++-------
  Melee: War axe           |    84 |   138 |   282 ||   504
         Headbutt          |     9 |    19 |    51 ||    79
  Throw: Stone             |       |    49 |    15 ||    64
         Dart              |       |       |    18 ||    18
 Invoke: Heroism           |       |       |    11 ||    11
  Evoke: Wand              |       |       |     2 ||     2
    Use: Potion            |       |       |     1 ||     1
 Armour: Scale mail        |    14 |       |       ||    14
         Plate armour      |    28 |    79 |   198 ||   305
  Dodge: Dodged            |    34 |    54 |    71 ||   159
  Block: Buckler           |    17 |    28 |    55 ||   100

Table legend: (Time is in decaauts)
 A = Elapsed time spent in this place.
 B = Non-inter-level travel time spent in this place.
 C = Inter-level travel time spent in this place.
 D = Time resting spent in this place.
 E = Time spent auto-exploring this place.
 F = Levels seen in this place.
 G = Mean time per level.
                   A        B        C        D        E       F      G
               +--------+--------+--------+--------+--------+-----+--------+
         Total |   6124 |   6030 |     94 |     89 |   4457 |   8 |  765.5 |
       Dungeon |   5444 |   5350 |     94 |     86 |   4002 |   7 |  777.7 |
        Bailey |    680 |    680 |      0 |      3 |    455 |   1 |  680.0 |
               +--------+--------+--------+--------+--------+-----+--------+

Top non-repeatable levels by time:
     D:5: 1183 daAuts
     D:6: 1005 daAuts
     D:1: 911 daAuts
     D:4: 822 daAuts
     D:2: 752 daAuts
  Bailey: 680 daAuts
     D:3: 678 daAuts
     D:7: 91 daAuts
